 Dungeon Crawl Stone Soup version 0.18.1-5-g4a78601 (webtiles) character file.

168 Implojin the Insei (level 5, 0/41 HPs)
             Began as a Mummy Monk on May 13, 2016.
             Slain by a worker ant (4 damage)
             ... on level 4 of the Dungeon.
             The game lasted 00:10:33 (5370 turns).

Implojin the Insei (Mummy Monk)                     Turns: 5370, Time: 00:10:33

Health: 0/41       AC:  0    Str: 15    XL:     5   Next: 24%
Magic:  14/14      EV: 13    Int: 12    God:
Gold:   191        SH:  0    Dex: 15    Spells: 0 memorised, 4 levels left

rFire  x . .     SeeInvis .       - Unarmed
rCold  + . .     Gourm    .     (no armour)
rNeg   + + +     Faith    .     (no shield)
rPois  ∞         Spirit   .     (no helmet)
rElec  .         Dismiss  .     (no cloak)
rCorr  .         Reflect  .     (no gloves)
SustAt .         Harm     .     (no boots)
MR     .....                    (no amulet)
Stlth  ++........               l - +3 ring of intelligence
                                d - ring of magical power

@: not resistant to hostile enchantments, unstealthy
A: no food or potions, fire vulnerability, cold resistance 1, negative energy
resistance 3, torment resistance, unbreathing
a: no special abilities


You were on level 4 of the Dungeon.
You were not hungry.

You visited 1 branch of the dungeon, and saw 4 of its levels.

You collected 191 gold pieces.

Inventory:

Jewellery
 d - a ring of magical power (left hand)
 h - an uncursed ring of positive energy
 j - an uncursed ring of teleportation
 l - a +3 ring of intelligence (right hand)
Scrolls
 a - 2 scrolls of remove curse
 b - a scroll of noise {unknown}
 e - 2 scrolls of magic mapping {unknown}
 f - 3 scrolls of identify {unknown}
 g - a scroll of random uselessness {unknown}
 i - a scroll of teleportation {unknown}
 k - a scroll of fear {unknown}
 m - a scroll of blinking {unknown}
 n - a scroll of amnesia {unknown}
Comestibles
 c - a bread ration (quivered)


   Skills:
 - Level 3.0 Fighting
 - Level 2.4 Dodging
 - Level 1.5 Stealth
 * Level 5.4 Unarmed Combat


You had 4 spell levels left.
You didn't know any spells.

Dungeon Overview and Level Annotations

Branches:
Dungeon (4/15)
 Temple: D:4-7

Altars:
Ashenzari
Gozag
Okawaru

Annotations:
D:2 4 exclusions, Jessica
D:3 2 exclusions, Natasha
D:4 exclusion: ogre, Purgy


Innate Abilities, Weirdness & Mutations

You do not eat or drink.
Your flesh is vulnerable to fire.
You are immune to poison.
Your flesh is cold resistant.
You are immune to negative energy.
You are immune to unholy pain and torment.
You can survive without breathing.


Message History

n - a scroll labeled CEIMPI HOMUMUPP
Found a stone staircase leading down.
You see here a quokka corpse.
A giant gecko comes into view.
Found a club.
The worker ant twitches its antennae in your direction.
You closely miss the worker ant. The worker ant bites you!
You punch the worker ant!
The worker ant is heavily wounded.
The worker ant bites you.
You hit the worker ant but do no damage.
The worker ant is heavily wounded.
The worker ant bites you!
You barely miss the worker ant.
The worker ant is heavily wounded.
The worker ant bites you!
* * * LOW HITPOINT WARNING * * *
You closely miss the worker ant.
The worker ant is heavily wounded.
The worker ant barely misses you.
You hit the worker ant.
The worker ant is severely wounded.
The worker ant bites you.
* * * LOW HITPOINT WARNING * * *
You hit the worker ant.
The worker ant is almost dead.
The worker ant misses you.
You hit the worker ant.
The worker ant is almost dead.
The worker ant bites you.
* * * LOW HITPOINT WARNING * * *
The worker ant bites you!
* * * LOW HITPOINT WARNING * * *
You barely miss the worker ant.
The worker ant is almost dead.
The worker ant barely misses you.
You closely miss the worker ant.
The worker ant is almost dead.
The worker ant bites you.
You die...

####.##.##...## ...........##....
#### ## #.####.##..####.. ... ...
#.# ##.##........ .. ... # #.#
#..##..####.# .##.##.#.. #.#
#.##...## #.# .#...#...... #.#
#.#.#...###.# ...).....
#.)###.###.†##..#.##.# .# ....#
##..la@...............# .##..##
.....#######..##.##.####
T.....###..# #.#.#.#.## #
..##..#.....#.#######.##...######
#.#.........a...........#.## #...
#.......# .#.####..#.#.#.# #$##
#T#...#.##.##.....#.......# #
#.##.##.......####..#.#...#
#......[.... #......###


You could see a worker ant and a giant gecko.

Vanquished Creatures
  2 hounds (D:4)
  4 adders
  An adder skeleton (D:4)
  A worm (D:3)
  3 dart slugs
  3 giant geckos
  An orc (D:3)
  4 bats
  3 giant cockroaches (D:1)
  7 goblins
  6 hobgoblins
  4 jackals (D:1)
  A quokka (D:4)
  A giant newt (D:3)
  7 kobolds
  12 rats
60 creatures vanquished.

Notes
Turn   | Place    | Note
--------------------------------------------------------------
     0 | D:1      | Implojin the Mummy Monk began the quest for the Orb.
     0 | D:1      | Reached XP level 1. HP: 18/18 MP: 1/1
   560 | D:1      | Reached XP level 2. HP: 16/24 MP: 2/2
  1044 | D:1      | Reached skill level 4 in Unarmed Combat
  1321 | D:1      | Reached XP level 3. HP: 8/29 MP: 3/3
  2614 | D:2      | Found a shattered altar of Ashenzari.
  2619 | D:2      | Noticed Jessica
  2847 | D:2      | Reached XP level 4. HP: 35/35 MP: 4/4
  3108 | D:3      | Noticed Natasha
  4678 | D:4      | Reached skill level 5 in Unarmed Combat
  4714 | D:4      | Noticed Purgy
  4833 | D:4      | Reached XP level 5. HP: 14/41 MP: 5/5
  5046 | D:4      | Noticed an ogre
  5095 | D:4      | Found an opulent altar of Gozag.
  5099 | D:4      | Found an iron altar of Okawaru.
  5370 | D:4      | Slain by a worker ant

Skill      XL: |  1  2  3  4 |
---------------+-------------+-----
Unarmed Combat | 4 5 |  5.4
Fighting       | |  3.0
Dodging        | |  2.4
Stealth        | |  1.5

Action                   |  1- 3 |  4- 6 || total
-------------------------+-------+-------++-------
Melee: Unarmed           |   173 |   115 ||   288
       Punch             |     2 |     3 ||     5
  Use: Scroll            |       |     1 ||     1
 Stab: Sleeping          |     4 |     6 ||    10
Dodge: Dodged            |    89 |    69 ||   158

Table legend:
 A = Turns spent in this place as a percentage of turns spent in the entire game.
 B = Non-inter-level travel turns spent in this place as a percentage of non-inter-level travel turns spent in the entire game.
 C = Inter-level travel turns spent in this place as a percentage of turns spent in this place.
 D = Turns resting spent in this place as a percentage of non-inter-level travel turns spent in this place.
 E = Turns spent auto-exploring this place as a percentage of non-inter-level travel turns spent in this place.
 F = Non-inter-level travel turns spent in this place divided by the number of levels of this place that you've seen.
                   A       B       C       D       E      F
               +-------+-------+-------+-------+-------+----------------------
         Total | 100.0 | 100.0 |   0.2 |   5.2 |   6.2 | 320.0
       Dungeon | 100.0 | 100.0 |   0.2 |   5.2 |   6.2 | 320.0
               +-------+-------+-------+-------+-------+----------------------

Table legend:
 A = Kills in this place as a percentage of kills in entire the game.
 B = Kills by you in this place as a percentage of kills by you in the entire game.
 C = Kills by friends in this place as a percentage of kills by friends in the entire game.
 D = Other kills in this place as a percentage of other kills in the entire game.
 E = Experience gained in this place as a percentage of experience gained in the entire game.
 F = Experience gained in this place divided by the number of levels of this place that you have seen.
                   A       B       C       D       E      F
               +-------+-------+-------+-------+-------+----------------------
         Total | 100.0 | 100.0 |  -nan |  -nan | 100.0 |  60.2
       Dungeon | 100.0 | 100.0 |  -nan |  -nan | 100.0 |  60.2
               +-------+-------+-------+-------+-------+----------------------
